Map: [ESL] Waterfall

Players

Astrea

  • Race: Protoss Protoss
  • League: Master
  • Spawn Location: 7:00

Serral - Winner!

  • Race: Zerg Zerg
  • Spawn Location: 1:00

Event: HomeStory Cup XXI

VOD

Have the link to the VOD?

Description

Time

  • Played on: July 24, 2022, 3:34 p.m.
  • Length: 11:31

All games in this series

Show
View Real Time Build Order
Export as new Build Order

Astrea Protoss 

Build Orders: 1 Gate Expand, Mass Adepts 

Get SALT Encoding   

  12  0:00  Probe  
  13  0:12  Probe  
  14  0:18  Pylon  
  14  0:24  Probe (Chrono Boost)  
  15  0:36  Probe (Chrono Boost)  
  15  0:38  Gateway  
  16  0:45  Probe (Chrono Boost)  
  17  0:50  Assimilator  
  17  0:51  Probe  
  18  1:03  Probe  
  19  1:15  Probe  
  20  1:24  Nexus  
  20  1:28  Probe  
  21  1:38  Cybernetics Core  
  21  1:42  Probe  
  22  1:48  Pylon  
  22  1:53  Assimilator  
  22  1:56  Probe  
  23  2:08  Probe (Chrono Boost)  
  24  2:11  Adept (Chrono Boost)  
  24  2:14  Warp Gate  
  26  2:17  Probe (Chrono Boost)  
  26  2:22  Probe (Chrono Boost)  
  27  2:25  Twilight Council  
  28  2:34  Stalker (Chrono Boost), Probe  
  31  2:40  Probe  
  32  2:46  Probe  
  33  2:51  Robotics Facility  
  33  2:52  Probe  
  34  3:02  Probe  
  34  3:05  Gateway  
  35  3:10  Resonating Glaives (Chrono Boost), Gateway  
  35  3:16  Probe  
  37  3:20  Probe  
  37  3:24  Adept  
  39  3:28  Probe  
  39  3:32  Gateway  
  41  3:36  Warp Prism (Chrono Boost)  
  42  3:43  Pylon  
  42  3:47  Probe x2  
  44  3:58  Pylon  
  44  4:00  Probe  
  44  4:02  Adept x2  
  49  4:04  Adept  
  49  4:05  Probe  
  49  4:07  Observer  
  53  4:13  Probe  
  53  4:16  Pylon  
  54  4:23  Adept x2  
  58  4:25  Adept  
  58  4:26  Adept  
  62  4:47  Pylon, Adept x4  
  70  4:55  Nexus  
  70  5:05  Probe x2  
  72  5:13  Immortal (Chrono Boost)  
  72  5:17  Probe x2  
  74  5:21  Assimilator  
  74  5:23  Assimilator  
  74  5:28  Pylon  
  74  5:29  Probe x2  
  74  5:30  Adept  
  78  5:41  Probe x2  
  78  5:47  Stalker  
  78  5:49  Immortal (Chrono Boost)  
  78  5:53  Probe x2  
  84  5:57  Robotics Bay  
  84  6:09  Probe x2 (Chrono Boost)  
  84  6:10  Probe (Chrono Boost)  
  87  6:11  Shield Battery  
  87  6:13  Blink  
  90  6:19  Probe (Chrono Boost)  
  90  6:21  Pylon, Probe x2 (Chrono Boost)  
  90  6:23  Forge  
  90  6:24  Probe (Chrono Boost)  
  90  6:30  Probe x2  
  93  6:35  Adept x2  
  93  6:36  Probe  
  98  6:42  Disruptor (Chrono Boost), Probe x2  
  98  6:44  Probe  
  98  6:46  Pylon  
  103  6:47  Gateway  
  103  6:48  Gateway  
  103  6:52  Probe  
  106  6:54  Probe x2  
  106  6:56  Assimilator  
  107  7:06  Probe  
  102  7:08  Probe  
  102  7:10  Probe  
  101  7:16  Protoss Ground Weapons Level 1 (Chrono Boost)  
  101  7:18  Probe  
  101  7:20  Probe  
  101  7:21  Disruptor (Chrono Boost)  
  101  7:22  Probe  
  98  7:26  Gateway  
  98  7:27  Gateway  
  91  7:30  Stalker x4  
  91  7:36  Assimilator  
  99  7:37  Pylon  
  99  7:39  Pylon  
  99  7:42  Photon Cannon  
  99  7:45  Pylon  
  99  7:50  Observer (Chrono Boost)  
  100  7:52  Stalker x2  
  100  7:55  Pylon  
  100  7:56  Pylon  
  100  7:58  Stalker x4  
  112  8:03  Gateway  
  112  8:06  Pylon  
  111  8:13  Colossus (Chrono Boost)  
  117  8:25  Stalker x7  
  131  8:31  Pylon  
  131  8:42  Nexus  
  131  8:45  Stalker  
  133  8:51  Nexus  
  133  8:53  Photon Cannon, Shield Battery  
  133  8:57  Pylon  
  133  9:02  Stalker x2  
  137  9:03  Stalker, Colossus (Chrono Boost)  
  137  9:09  Protoss Ground Weapons Level 2 (Chrono Boost)  
  145  9:15  Probe x3  
  136  9:17  Pylon  
  136  9:27  Probe  
  136  9:28  Probe x2  
  137  9:39  Probe  
  137  9:40  Probe x2  
  134  9:48  Stalker x6  
  134  9:51  Probe  
  134  9:52  Probe x2  
  149  9:53  Pylon  
  149  9:59  Stalker x3  
  155  10:03  Probe x2  
  155  10:04  Probe  
  158  10:17  Stalker x2, Pylon, Sentry x4  
  170  10:25  Photon Cannon  
  170  10:29  Stalker x3, Photon Cannon  
  171  10:58  Stalker x5  
  171  10:59  Stalker x3  
  171  11:02  Pylon x2  
Show
View Real Time Build Order
Export as new Build Order

Serral Zerg - Winner!

Build Orders: Hatch First 

Get SALT Encoding   

  12  0:00  Drone  
  13  0:12  Overlord  
  13  0:17  Drone  
  14  0:31  Drone x2  
  16  0:47  Drone  
  17  0:52  Hatchery  
  17  0:55  Drone  
  17  0:59  Drone  
  18  1:10  Extractor  
  17  1:14  Spawning Pool  
  17  1:18  Drone  
  17  1:21  Drone  
  18  1:28  Drone  
  19  1:39  Drone  
  20  1:49  Overlord  
  20  2:01  Queen  
  20  2:03  Queen, Zergling x2  
  20  2:04  Zergling x2  
  26  2:11  Drone  
  26  2:12  Metabolic Boost  
  26  2:14  Drone  
  28  2:21  Drone  
  29  2:25  Drone  
  30  2:38  Hatchery  
  29  2:44  Queen  
  29  2:48  Drone  
  29  2:49  Drone  
  33  2:53  Overlord  
  33  2:57  Drone  
  34  2:58  Drone  
  34  3:02  Drone  
  36  3:07  Overlord  
  36  3:14  Queen  
  36  3:16  Drone x2  
  36  3:18  Drone  
  42  3:20  Drone  
  42  3:23  Drone x2  
  42  3:26  Drone  
  45  3:29  Overlord  
  45  3:34  Drone  
  45  3:35  Drone  
  45  3:38  Queen  
  45  3:41  Drone  
  50  3:44  Drone x2  
  52  3:49  Roach Warren  
  52  3:53  Queen  
  53  3:55  Drone  
  53  3:57  Drone  
  53  4:00  Drone  
  56  4:05  Overlord  
  56  4:08  Zergling x8  
  60  4:13  Zergling x2  
  60  4:14  Zergling x4  
  63  4:19  Spore Crawler  
  63  4:20  Spore Crawler  
  63  4:22  Zergling x6  
  64  4:26  Overlord  
  64  4:29  Zergling x4  
  66  4:33  Zergling x6  
  69  4:41  Roach  
  69  4:44  Roach  
  69  4:45  Roach  
  75  4:48  Overlord  
  75  4:49  Roach x3, Extractor  
  80  4:54  Overlord  
  79  5:04  Roach, Zergling x2  
  82  5:08  Spore Crawler  
  82  5:13  Drone x6  
  85  5:16  Drone x3  
  85  5:18  Drone  
  89  5:24  Drone x5  
  94  5:29  Lair  
  94  5:32  Drone x2  
  94  5:34  Drone  
  95  5:42  Spore Crawler  
  95  5:44  Drone x3  
  95  5:46  Drone x2  
  95  5:49  Overlord  
  98  5:52  Overlord  
  98  5:53  Overlord  
  98  5:57  Extractor  
  98  5:58  Overlord  
  98  5:59  Evolution Chamber  
  98  6:02  Drone x2  
  98  6:10  Overlord  
  98  6:12  Drone x4  
  98  6:17  Evolution Chamber  
  101  6:20  Overlord, Extractor x2  
  101  6:23  Drone  
  100  6:28  Drone  
  100  6:29  Drone x3  
  100  6:30  Glial Reconstitution  
  100  6:31  Hatchery  
  100  6:32  Drone x2, Zerg Melee Weapons Level 1  
  104  6:36  Roach x2  
  104  6:38  Overseer  
  108  6:43  Roach x3  
  108  6:45  Ravager  
  115  6:50  Extractor  
  115  6:54  Drone x3  
  116  6:55  Drone  
  116  6:56  Baneling Nest  
  116  6:58  Roach  
  116  6:59  Roach x3, Zergling x2  
  126  7:06  Roach x3, Zergling x4  
  124  7:10  Evolution Chamber  
  124  7:12  Evolution Chamber  
  120  7:16  Zergling x10  
  122  7:25  Drone  
  122  7:26  Drone  
  122  7:27  Drone  
  122  7:28  Drone x2  
  125  7:30  Overlord  
  125  7:31  Zergling x4  
  127  7:38  Ravager  
  127  7:40  Centrifugal Hooks  
  127  7:41  Overlord x2  
  127  7:42  Zergling x2  
  121  7:53  Roach x3, Zergling x2  
  128  7:59  Drone x2  
  128  8:04  Roach x5  
  140  8:06  Overlord x2  
  140  8:13  Infestation Pit, Zerg Missile Weapons Level 1, Drone x6  
  140  8:14  Drone  
  140  8:15  Drone  
  140  8:18  Drone  
  148  8:24  Ravager  
  148  8:25  Drone x2  
  151  8:28  Drone x5  
  151  8:31  Extractor  
  153  8:36  Drone  
  153  8:37  Drone  
  153  8:39  Baneling x12  
  153  8:41  Zergling x6  
  157  8:45  Hatchery  
  157  8:48  Zergling x14  
  161  8:52  Hive  
  161  8:58  Zerg Melee Weapons Level 2  
  161  9:03  Zergling x18  
  165  9:15  Overlord  
  165  9:16  Overlord, Zergling x2  
  165  9:17  Zergling x18  
  172  9:29  Zergling x16  
  179  9:34  Overlord  
  179  9:37  Baneling x8  
  179  9:39  Overlord  
  179  9:41  Overlord  
  179  9:45  Zergling x16  
  186  9:52  Overlord  
  185  9:54  Overlord  
  185  10:01  Baneling x12  
  185  10:05  Viper x3  
  193  10:12  Spore Crawler, Zergling x14  
  193  10:13  Zergling x6  
  199  10:16  Baneling x12  
  199  10:25  Baneling x6  
  199  10:27  Spine Crawler x2, Drone x3  
  199  10:28  Spore Crawler  
  193  10:36  Zergling x14  
  190  10:51  Zergling x24  
  190  10:53  Hydralisk Den  
  190  10:55  Ultralisk Cavern  
Tags
 
Add a new tag
Caveats
  • Supply blocks, unpowered buildings, or Contaminate may cause inaccurate times.
  • Supply counts are checked every 10 seconds.